 Dungeon Crawl Stone Soup version 0.30-a0-778-g2ef04afb54 (webtiles) character file.

Game seed: 7406849345707485324

49 themarg the Firebug (level 3, -2/24 HPs)
             Began as a Demonspawn Fire Elementalist on Feb 17, 2023.
             Slain by Crazy Yiuf
             ... wielding a +4 quarterstaff of chaos
              (14 damage)
             ... on level 2 of the Dungeon.
             The game lasted 00:04:50 (1890 turns).

themarg the Firebug (Demonspawn Fire Elementalist)  Turns: 1890, Time: 00:04:50

Health: -2/24      AC:  2    Str:  8    XL:     3   Next: 51%
Magic:  0/6        EV: 12    Int: 18    God:
Gold:   160        SH:  0    Dex: 13    Spells: 3/6 levels left

rFire   . . .      SeeInvis .    d - +0 dagger
rCold   . . .      Faith    .    (no shield)
rNeg    . . .      Spirit   .    a - +0 robe
rPois   .          Reflect  .    (no helmet)
rElec   .          Harm     .    (no cloak)
rCorr   .          Rampage  .    (no gloves)
Will    .....                    (no boots)
Stlth   ++                       (no amulet)
HPRegen 0.24/turn                (no ring)
MPRegen 0.10/turn                (no ring)

@: no status effects
A: demonic touch 1
a: no special abilities


You were on level 2 of the Dungeon.
You visited 1 branch of the dungeon, and saw 2 of its levels.

You collected 160 gold pieces.

Inventory:

Hand Weapons
 d - a +0 dagger (weapon)
Missiles
 g - 19 stones
 o - 3 poisoned darts
Armour
 a - a +0 robe (worn)
Jewellery
 p - an amulet of faith
Scrolls
 f - 4 scrolls of identify {unknown}
 h - 2 scrolls of immolation {unknown}
 k - a scroll of vulnerability {unknown}
 l - a scroll of summoning {unknown}
 m - 2 scrolls of amnesia {unknown}
 n - a scroll of fear {unknown}
 q - a scroll of noise {unknown}
 r - 3 scrolls of enchant armour {unknown}
Potions
 b - a potion of magic
 c - 3 potions of heal wounds {unknown}
 e - a potion of mutation {unknown}
 i - a potion of might {unknown}
 j - a potion of brilliance {unknown}
 s - a potion of resistance {unknown}
 t - a potion of attraction {unknown}


   Skills:
 - Level 1.7 Dodging
 - Level 2.0 Stealth
 + Level 2.4 Spellcasting
 - Level 2.0 Conjurations
 * Level 3.4 Fire Magic


You had 3 spell levels left.
You knew the following spells:

 Your Spells              Type           Power      Damage    Failure   Level
a - Foxfire               Conj/Fire      44%        2x1d6     6%          1
b - Scorch                Fire           28%        2d6       6%          2

Your spell library contained the following spells:

 Spells                   Type           Power      Damage    Failure   Level
 Inner Flame              Hex/Fire       8%         N/A       26%         3
 Kindle Blastsparks       Fire/Tloc/Air  12%        2d11      32%         3
 Flame Wave               Conj/Fire      11%        2d6       50%         4


Dungeon Overview and Level Annotations

Branches:
Dungeon (2/15)

Altars:

Annotations:
D:2 Crazy Yiuf


Innate Abilities, Weirdness & Mutations

Your touch may inflict minor irresistible damage on your foes.


Message History

The foxfire hits the ball python.
The ball python is moderately wounded.
Flames lash the ball python.
You kill the ball python!
Your foxfire dissipates!
t - a ruby potion
Found an escape hatch in the floor.
A hobgoblin comes into view.
You conjure some foxfire!
The hobgoblin shouts!
You conjure some foxfire!
The foxfire hits the hobgoblin but does no damage.
The foxfire hits the hobgoblin.
You kill the hobgoblin!
Your foxfire dissipates!
Your foxfire dissipates!
You now have 160 gold pieces (gained 4).
You open the door.
There is an open door here.
You open the door.
There is an open door here.
There is an open door here.
Found a hammer.
Found a runed translucent door.
You open the door.
There is an open translucent door here.
Flames lash Crazy Yiuf.
Crazy Yiuf is moderately wounded.
Crazy Yiuf's fire resistance burns away.
Flames lash Crazy Yiuf.
Crazy Yiuf is burned terribly!
Crazy Yiuf is heavily wounded.
Crazy Yiuf hits you with a +4 quarterstaff of chaos!
You convulse.
Flames lash Crazy Yiuf.
Crazy Yiuf is burned terribly!
Crazy Yiuf is almost dead.
Crazy Yiuf closely misses you.
You don't have enough magic to cast this spell.
You closely miss Crazy Yiuf. Your touch misses Crazy Yiuf.
Crazy Yiuf is almost dead.
Crazy Yiuf hits you with a +4 quarterstaff of chaos!
Ouch! That really hurt!
You die...

#########
#####
........####
#)..#
..#####....#
#...#
..+........#
#.g.#
..##.......#
#@#
...........#
#.##
........####
##.#
........####
#.##
...........#
##.#
....#.#...##
##.##
###....
......#...#
##PP.#
#.#...###
...##.....#
#P.P.#
#.#.....#
..........##
#....#
#.#.....###


You could see Crazy Yiuf (combustible).

Vanquished Creatures
  An adder (D:2)
  A dart slug (D:2)
  6 ball pythons
  4 endoplasms
  A giant cockroach (D:1)
  3 goblins
  5 hobgoblins
  2 quokkas
  A frilled lizard (D:1)
  5 kobolds
  4 rats
33 creatures vanquished.

Vanquished Creatures (others)
  91 foxfires
91 creatures vanquished.

Grand Total: 124 creatures vanquished

Notes
Turn   | Place    | Note
-------+----------+-------------------------------------------
     0 | D:1      | themarg the Demonspawn Fire Elementalist began the quest
                  | for the Orb.
     0 | D:1      | Reached XP level 1. HP: 13/13 MP: 3/3
   232 | D:1      | Gained mutation: Your touch may inflict minor irresistible
                  | damage on your foes. [demonic ancestry]
   232 | D:1      | Reached XP level 2. HP: 19/19 MP: 0/5
   544 | D:1      | Reached skill level 3 in Fire Magic
  1195 | D:1      | Learned a level 2 spell: Scorch
  1249 | D:2      | Reached XP level 3. HP: 24/24 MP: 3/6
  1881 | D:2      | Found a runed translucent door.
  1882 | D:2      | Noticed Crazy Yiuf
  1890 | D:2      | Slain by Crazy Yiuf

Illustrated notes

Levels and vault maps discovered:
D:1:      minmay_arrival_arboretum_small, layout_loops_cross
D:2:      layout_basic, minivault_14, patterned_corridor,
          uniq_crazy_yiuf_cottage

Skill      XL: |  1  2  3 |
---------------+----------+-----
Stealth        | 2 |  2.0
Fire Magic     | 3 |  3.4
Conjurations   | 2 |  2.0
Dodging        | |  1.7
Spellcasting   | |  2.4

Action                     || total
---------------------------++-------
  Melee: Dagger            ||    11
         Touch             ||     1
   Cast: Foxfire           ||    56
         Scorch            ||     8
 Armour: Robe              ||     3
  Dodge: Dodged            ||     5

Table legend: (Time is in decaauts)
 A = Elapsed time spent in this place.
 B = Non-inter-level travel time spent in this place.
 C = Inter-level travel time spent in this place.
 D = Time resting spent in this place.
 E = Time spent auto-exploring this place.
 F = Levels seen in this place.
 G = Mean time per level.
                   A        B        C        D        E       F      G
               +--------+--------+--------+--------+--------+-----+--------+
         Total |   1889 |   1873 |     16 |    351 |   1269 |   2 |  944.5 |
       Dungeon |   1889 |   1873 |     16 |    351 |   1269 |   2 |  944.5 |
               +--------+--------+--------+--------+--------+-----+--------+

Top non-repeatable levels by time:
     D:1: 1244 daAuts
     D:2: 644 daAuts
